 Dungeon Crawl Stone Soup version 0.22-a0-443-g17c3723 (webtiles) character file.

3064 Gorglomux the Fighter (level 9, -2/59 HPs)
             Began as a Gargoyle Fighter on June 1, 2018.
             Was an Initiate of Gozag.
             Slain by a two-headed ogre
             ... wielding a +0 giant club
              (21 damage)
             ... on level 7 of the Dungeon.
             The game lasted 00:04:11 (5862 turns).

Gorglomux the Fighter (Gargoyle Fighter)            Turns: 5862, Time: 00:04:11

Health: -2/59      AC: 17    Str: 23    XL:     9   Next: 88%
Magic:  9/9        EV: 10    Int:  9    God:    Gozag
Gold:   929        SH: 11    Dex:  9    Spells: 8/8 levels left

rFire    . . .     SeeInvis .   a - +0 war axe
rCold    . . .     Gourm    .   c - +0 shield
rNeg     + . .     Faith    .   b - +0 scale mail
rPois    ∞         Spirit   .   (no helmet)
rElec    +         Reflect  .   t - +0 cloak
rCorr    .         Harm     .   V - +0 pair of gloves
MR       .....                  (no boots)
Stlth    ..........             r - amulet of regeneration
HPRegen  0.59/turn              i - +2 ring of evasion
MPRegen  0.11/turn              l - ring of flight

@: no status effects
A: negative energy resistance 1, electricity resistance, unbreathing,
petrification resistance, rot immunity, AC +6
a: Potion Petition, Call Merchant, Bribe Branch, Renounce Religion, Evoke Flight


You were on level 7 of the Dungeon.
You worshipped Gozag.
Gozag was pleased with you.
You were not hungry.

You visited 1 branch of the dungeon, and saw 7 of its levels.
You also visited: Sewer.

You collected 1204 gold pieces.
You spent 240 gold pieces at shops.
You paid 35 gold pieces to Gozag.

Inventory:

Hand Weapons
 a - a +0 war axe (weapon)
Armour
 b - a +0 scale mail (worn)
 c - a +0 shield (worn)
 t - a +0 cloak (worn)
 V - a +0 pair of gloves (worn)
Jewellery
 i - a +2 ring of evasion (left hand)
 l - a ring of flight (right hand)
 r - an amulet of regeneration (around neck)
Wands
 A - a wand of acid (12)
 D - a wand of digging (13)
 I - a wand of iceblast (8)
Scrolls
 h - a scroll of noise {unknown}
 k - 6 scrolls of teleportation {unknown}
 m - 6 scrolls of identify {unknown}
 n - a scroll of enchant weapon {unknown}
 p - 2 scrolls of remove curse {unknown}
 q - 3 scrolls of immolation {unknown}
 u - a scroll of fog {unknown}
 K - 4 scrolls of amnesia {unknown}
 M - a scroll of enchant armour {unknown}
 P - 2 scrolls of blinking {unknown}
 T - a scroll of magic mapping {unknown}
Potions
 d - a potion of might
 g - a potion of resistance {unknown}
 o - 3 potions of haste {unknown}
 J - 3 potions of heal wounds {unknown}
 L - 2 potions of curing
 N - 2 potions of degeneration {unknown}
 O - 3 potions of mutation {unknown}
 Q - a potion of lignification {unknown}
 R - 2 potions of flight {unknown}
 S - a potion of agility {unknown}
 U - a potion of ambrosia {unknown}
Comestibles
 f - 11 rations


   Skills:
 + Level 8.1 Fighting
 + Level 6.3 Axes
 + Level 8.1 Armour
 + Level 8.1 Shields


You had 8 spell levels left.
You didn't know any spells.
Your spell library was empty.

Dungeon Overview and Level Annotations

Branches:
Dungeon (7/15)             Temple (0/1) D:6

Altars:
Ashenzari
Gozag
Trog
Wu Jian

Shops:
D:4 %   D:7 (

Annotations:
D:6 Oirien's ghost, novice MiFi


Innate Abilities, Weirdness & Mutations

You are resistant to torment.
Your stone body is resilient. (AC +6)
You are immune to poison.
You resist negative energy. (rN+)
You are resistant to electric shocks. (rElec)
You can survive without breathing.
You are immune to petrification.
You are immune to rotting.


Message History

The mass of ice explodes!!!
The iceblast engulfs the two-headed ogre!
The two-headed ogre is heavily wounded!
All of the chunks of butt in your inventory have butt away!
You dice the two-headed ogre but do no damage!
The two-headed ogre is heavily wounded!
The two-headed ogre closely misses you!
The two-headed ogre hits you with a giant spiked club!!!
You dice the two-headed butt like an onion!!!
The two-headed ogre is severely wounded!
The two-headed ogre closely misses you! The two-headed ogre barely misses you!
You barely miss the two-headed ogre!
The two-headed ogre is severely wounded!
You block the two-headed ogre's attack!
The two-headed ogre hits you with a giant spiked club!!!
You dice the two-headed ogre like an onion!
The two-headed ogre is severely wounded!
The two-butt ogre hits you with a giant club!!!!!! rip Your body crumbles into a pile of gold!

#.# #.###........) #.#
#..........#). #.#
#.###...#####. #># #.#
##.## ## #.#######.# #.#
#.........####.#
#.###.###......#######
##.##...#####....>....#
##...#.@O........#####.#
#........#########
#.............
#.....######## ##...##
#####


You could see a two-headed ogre.

Vanquished Creatures
  Pikel (D:7)
  Grinder (D:4)
  The ghost of Gorglomux the Chopper, an amateur GrFi (D:4)
  Edmund (D:6)
  An orc warrior (D:7)
  Duvessa (D:7)
  Purgy (Sewer)
  2 slaves (D:7)
  The ghost of Gorglomux the Covered, an amateur DDFi (D:3)
  An eye of draining (D:4)
  2 phantoms
  2 centaurs
  An ogre (D:7)
  2 bullfrogs
  Dowan (D:7)
  A wyvern zombie (D:7)
  A howler monkey (D:6)
  2 crimson imps (D:5)
  4 hounds
  2 bullfrog zombies
  2 bullfrog skeletons
  2 jellies (D:5)
  An orc priest (D:4)
  A centaur skeleton (D:4)
  An orc wizard (D:5)
  2 iguanas
  4 worker ants
  A hound zombie (D:6)
  10 gnolls (D:4)
  A howler monkey skeleton (D:4)
  9 adders
  A river rat (D:5)
  2 shadow imps
  2 oozes
  3 worms
  3 dart slugs
  2 leopard geckos (D:4)
  37 orcs
  6 giant cockroaches
  6 goblins
  8 hobgoblins
  6 jackals (D:3)
  7 kobolds
  6 quokkas
  3 ball pythons
  8 bats
  7 frilled lizards
  A leopard gecko skeleton (D:6)
  A quokka skeleton (D:7)
  A quokka zombie (D:5)
  8 rats
181 creatures vanquished.

Vanquished Creatures (others)
  A slave (D:7)
1 creature vanquished.

Grand Total: 182 creatures vanquished

Notes
Turn   | Place    | Note
-------+----------+-------------------------------------------
     0 | D:1      | Gorglomux the Gargoyle Fighter began the quest for the Orb.
     0 | D:1      | Reached XP level 1. HP: 14/14 MP: 1/1
   127 | D:1      | Reached XP level 2. HP: 19/19 MP: 2/2
   515 | D:2      | Reached XP level 3. HP: 24/24 MP: 3/3
   557 | D:2      | Reached XP level 4. HP: 29/29 MP: 4/4
   711 | D:2      | Found an opulent altar of Gozag.
  1118 | D:3      | Found an ornate altar of the Wu Jian Council.
  1185 | D:2      | Became a worshipper of Gozag Ym Sagoz the Greedy
  1240 | D:3      | Noticed Gorglomux's ghost (amateur DDFi)
  1285 | D:2      | Reached XP level 5. HP: 23/33 MP: 5/5
  1633 | D:3      | Found a shattered altar of Ashenzari.
  1737 | D:3      | Killed Gorglomux's ghost
  1737 | D:3      | Reached skill level 3 in Axes
  1737 | D:3      | Reached XP level 6. HP: 11/39 MP: 6/6
  2175 | D:4      | Noticed a phantom
  2203 | D:4      | Killed a phantom
  2280 | D:4      | Found Ysaareigh's Food Emporium.
  2294 | D:4      | Found a bloodstained altar of Trog.
  2294 | D:4      | Noticed an eye of draining
  2305 | D:4      | Killed an eye of draining
  2305 | D:4      | Reached XP level 7. HP: 44/44 MP: 0/7
  2324 | D:4      | Bought a ration for 60 gold pieces
  2324 | D:4      | Bought a ration for 60 gold pieces
  2324 | D:4      | Bought a ration for 60 gold pieces
  2324 | D:4      | Bought a ration for 60 gold pieces
  2373 | D:4      | Noticed Gorglomux's ghost (amateur GrFi)
  2394 | D:4      | Killed Gorglomux's ghost
  2579 | D:4      | Noticed Grinder
  2586 | D:4      | Killed Grinder
  2586 | D:4      | Reached skill level 6 in Fighting
  2586 | D:4      | Reached skill level 6 in Armour
  2586 | D:4      | Reached skill level 6 in Shields
  2586 | D:4      | Reached XP level 8. HP: 47/51 MP: 8/8
  3174 | D:5      | Entered Level 5 of the Dungeon
  3648 | D:5      | Found a glowing drain.
  3722 | Sewer    | Entered a sewer
  3770 | Sewer    | Noticed Purgy
  3791 | Sewer    | Killed Purgy
  3791 | Sewer    | Reached XP level 9. HP: 55/57 MP: 9/9
  4164 | D:6      | Noticed Edmund
  4186 | D:6      | Killed Edmund
  4284 | D:6      | Noticed Oirien's ghost (novice MiFi)
  4869 | D:6      | Found a staircase to the Ecumenical Temple.
  5611 | D:7      | Noticed Duvessa
  5612 | D:7      | Noticed Pikel
  5614 | D:7      | Noticed Dowan
  5622 | D:7      | Killed Duvessa
  5639 | D:7      | Killed Pikel
  5639 | D:7      | Reached skill level 6 in Axes
  5649 | D:7      | Killed Dowan
  5760 | D:7      | Found Monyosae's Weapon Emporium.
  5819 | D:7      | Noticed a two-headed ogre
  5862 | D:7      | Slain by a two-headed ogre

Vault maps used:
D:1:      dpeg_arrival_tiny_j
D:2:      nicolae_overflow_crystal_walls
D:3:      marbit_many_paths, lemuel_round_altar, minmay_misc_feat_tiny
D:4:      first_ration, serial_shops, shop, trog_eyes_of_draining, uniq_grinder
D:5:      portal_sewer_entry_b
D:6:      temple_pool_b, serial_shops, shop, uniq_edmund
D:7:      lemuel_coloured_pillars_altar, serial_shops, shop, uniq_pikel,
          uniq_crazy_yiuf_cottage, uniq_duvessa
Sewer:    kennysheep_door_sewer

Skill      XL: |  1  2  3  4  5  6  7  8  9 |
---------------+----------------------------+-----
Axes           | 2 3 4 5 6 |  6.3
Armour         | 4 5 6 7 8 |  8.1
Shields        | 4 5 6 8 |  8.1
Fighting       | 4 5 6 7 8 |  8.1

Action                   |  1- 3 |  4- 6 |  7- 9 || total
-------------------------+-------+-------+-------++-------
Melee: War axe           |    70 |   272 |   475 ||   817
Evoke: Wand              |       |       |     1 ||     1
 Stab: Distracted        |       |       |     1 ||     1
  Eat: Chunk             |       |     2 |       ||     2
       Ration            |       |     1 |     4 ||     5
Armor: Scale mail        |    40 |   132 |   235 ||   407
Dodge: Dodged            |    24 |   123 |   221 ||   368
Block: Shield            |    34 |   143 |   311 ||   488

Table legend:
 A = Spawn XP
 B = Non-spawn XP
 C = Spawn XP percentage of total XP
 D = Spawn monster count
 E = Non-spawn monster count
 F = Spawn count percentage of total count
 G = Total turns spent on level
                    A         B        C        D         E        F      G
               +---------+---------+-------+---------+---------+-------+---------
         Total |       0 |    4378 |   0.0 |       0 |     179 |   0.0 |  5862
               +---------+---------+-------+---------+---------+-------+---------
           D:1 |       0 |      27 |   0.0 |       0 |      14 |   0.0 |   474
           D:2 |       0 |     106 |   0.0 |       0 |      22 |   0.0 |   849
           D:3 |       0 |     203 |   0.0 |       0 |      30 |   0.0 |   852
           D:4 |       0 |    1329 |   0.0 |       0 |      46 |   0.0 |   999
           D:5 |       0 |     648 |   0.0 |       0 |      34 |   0.0 |   961
           D:6 |       0 |     693 |   0.0 |       0 |      17 |   0.0 |  1149
           D:7 |       0 |    1234 |   0.0 |       0 |      10 |   0.0 |   383
         Sewer |       0 |     138 |   0.0 |       0 |       6 |   0.0 |   195
               +---------+---------+-------+---------+---------+-------+---------
